 Dungeon Crawl Stone Soup version 0.31-a0-574-g69dc8cc98e (webtiles) character file.

Game seed: 265074005083608400

29354 javelincjr the Destroyer (level 13, -8/90 HPs)
             Began as a Red Draconian Conjurer on Aug 18, 2023.
             Was an Elder of Sif Muna.
             Mangled by a skyshark (12 damage)
             ... on level 2 of the Lair of Beasts.
             The game lasted 01:23:05 (15126 turns).

javelincjr the Destroyer (Red Draconian Conjurer)  Turns: 15126, Time: 01:23:06

Health: -8/90      AC: 21    Str: 16    XL:     13   Next: 14%
Magic:  0/44       EV: 16    Int: 31    God:    Sif Muna [****..]
Gold:   219        SH:  0    Dex: 13    Spells: 16/30 levels left

rFire   + . .        e - +4 short sword of Truth {protect, MP+9 Int+5}
rCold   . . .        (no shield)
rNeg    . . .        (body armour unavailable)
rPois   .            I - +0 hat "Igosou" {rC+ Slay+2}
rElec   .            a - +2 cloak of the Eagle {Str+4}
rCorr   +            o - +2 pair of gloves of Boiling Hail {rCorr Int+2 Dex+3}
SInv    .            (no boots)
Will    .....        l - amulet of regeneration
Stlth   ++++         g - ring "Jeodug" {Fly rC- Int+3 Slay+3}
HPRegen 1.15/turn    k - ring of magical power
MPRegen 0.29/turn

%: no passive effects
@: short of breath, under a protective aura, flying
A: breathe fire, AC +8, unfitting armour, fire resistance 1, cold-blooded
a: Breathe Fire, Renounce Religion, Channel Magic, Forget Spell, Divine Exegesis


You were on level 2 of the Lair of Beasts.
You worshipped Sif Muna.
Sif Muna was greatly pleased with you.
You visited 3 branches of the dungeon, and saw 15 of its levels.
You also visited: Sewer and Bailey.

You collected 727 gold pieces.
You spent 508 gold pieces at shops.

Inventory:

Hand Weapons
 e - the +4 short sword of Truth (weapon) {protect, MP+9 Int+5}
   (You found it on level 6 of the Dungeon)

   Int+5:     It affects your intelligence (+5).
   MP+9:      It affects your magic capacity (+9).
 m - a +3 quarterstaff of chaos
 H - a +4 spear of venom
 Q - a +5 trident of freezing
Missiles
 f - 27 boomerangs
 R - a throwing net
Armour
 a - the +2 cloak of the Eagle (worn) {Str+4}
   (You found it in a bailey)

   Str+4:     It affects your strength (+4).
 b - a +2 pair of gloves
 o - the +2 pair of gloves of Boiling Hail (worn) {rCorr Int+2 Dex+3}
   (You acquired it in a bailey)

   Int+2:     It affects your intelligence (+2).
   Dex+3:     It affects your dexterity (+3).
   rCorr:     It protects you from acid and corrosion.
 I - the +0 hat "Igosou" (worn) {rC+ Slay+2}
   (You bought it in a shop on level 7 of the Dungeon)

   Slay+2:    It affects your accuracy & damage with ranged weapons and melee
   (+2).
   rC+:       It protects you from cold.
 L - a +0 kite shield
Magical Staves
 c - a staff of fire
 d - a staff of cold
Jewellery
 g - the ring "Jeodug" (left hand) {Fly rC- Int+3 Slay+3}
   (You acquired it in a bailey)

   [ring of flight]

   Int+3:     It affects your intelligence (+3).
   Slay+3:    It affects your accuracy & damage with ranged weapons and melee
   (+3).
   rC-:       It makes you vulnerable to cold.
   Fly:       It grants you flight.
 i - a ring of see invisible
 k - a ring of magical power (right hand)
 l - an amulet of regeneration (around neck)
 p - the amulet "Zare" {Faith rElec rPois Str+3 Int-3}
   (You found it on level 3 of the Dungeon)

   [amulet of faith]

   Faith:     It allows you to gain divine favour quickly.
   Str+3:     It affects your strength (+3).
   Int-3:     It affects your intelligence (-3).
   rElec:     It insulates you from electricity.
   rPois:     It protects you from poison
 J - a ring of positive energy
 Z - a ring of protection from cold
Wands
 t - a wand of flame (24)
 w - a wand of charming (6)
 A - a wand of iceblast (6)
 D - a wand of polymorph (15)
 M - a wand of digging (4)
 T - a wand of mindburst (5)
Scrolls
 j - 8 scrolls of teleportation
 n - 3 scrolls of amnesia
 q - 3 scrolls of immolation
 r - a scroll of torment {unknown}
 v - 2 scrolls of silence {unknown}
 x - 3 scrolls of enchant armour
 y - 4 scrolls of fog
 B - 5 scrolls of fear
 C - 4 scrolls of vulnerability {unknown}
 E - 3 scrolls of enchant weapon
 F - 2 scrolls of blinking
 K - 3 scrolls of revelation {unknown}
 P - 2 scrolls of summoning
 S - a scroll of poison {unknown}
 X - a scroll of acquirement
Potions
 h - 4 potions of enlightenment
 s - 3 potions of curing
 u - a potion of haste {unknown}
 z - 2 potions of lignification
 G - 2 potions of heal wounds
 N - a potion of magic
 O - a potion of brilliance {unknown}
 U - a potion of cancellation {unknown}
 V - 2 potions of degeneration {unknown}
 W - a potion of might {unknown}
 Y - a potion of ambrosia {unknown}


   Skills:
 + Level 1.2 Fighting
 + Level 7.1 Short Blades
 + Level 9.0 Dodging
 + Level 9.7 Stealth
 + Level 1.0 Shields
 + Level 9.0 Spellcasting
 + Level 10.3 Conjurations
 + Level 9.1 Fire Magic
 + Level 7.4 Invocations


You had 16 spell levels left.
You knew the following spells:

 Your Spells              Type           Power      Damage    Failure   Level
a - Magic Dart            Conj           100%       1d8       1%          1
b - Searing Ray           Conj           100%       2d8       1%          2
c - Fulminant Prism       Conj/Hex       23%        3d12      4%          4
d - Iskenderun's Mystic   Conj/Tloc      46%        2d10      4%          4
e - Dazzling Flash        Conj/Hex       92%        N/A       1%          3

Your spell library contained the following spells:

 Spells                   Type           Power      Damage    Failure   Level
 Frozen Ramparts          Ice            26%        1d4       11%         3
 Petrify                  Tmut/Erth      13%        N/A       34%         4
 Metabolic Englaciation   Hex/Ice        6%         N/A       69%         5


Dungeon Overview and Level Annotations

Branches:
Dungeon (10/15)            Temple (1/1) D:6            Lair (4/5) D:8
    Orc (0/2) D:10          Sewer (visited)          Bailey (visited)
  Swamp: Lair:2-3    Shoals: Lair:2-3     Snake: Lair:2-3    Spider: Lair:2-3
  Slime: Lair:4-5

Altars:
Ashenzari
Cheibriados
Dithmenos
Elyvilon
Fedhas
Gozag
Hepliaklqana
Kikubaaqudgha
Makhleb
Nemelex Xobeh
Okawaru
Qazlal
Ru
Sif Muna
Trog
Uskayaw
Vehumet
Wu Jian
Xom
Yredelemnul
Zin
The Shining One
Lugonu

Shops:
D:4 =   D:5 ?   D:7 [!   D:8 :   D:10 *

Annotations:
D:7 1 runed translucent door, avis's ghost, novice HOMo
D:8 2 transporters
D:10 2 runed translucent doors


Innate Abilities, Weirdness & Mutations

You can breathe blasts of fire.
Your fiery red scales are hard. (AC +8)
You cannot fit into any form of body armour.
Your flesh is heat resistant. (rF+)
You are cold-blooded and may be slowed by cold attacks.


Message History

You hit the skyshark. You tail-slap the skyshark.
The skyshark is severely wounded.
You feel sick.
You barely miss the skyshark.
The skyshark is severely wounded.
The skyshark bites you!
The skyshark tastes blood and grows stronger!
The skyshark tail-slaps you but does no damage.
The skyshark closely misses you.
You hit the skyshark but do no damage.
You tail-slap the skyshark, but do no damage.
The skyshark is severely wounded.
You feel sick.
You are no longer poisoned.
The skyshark bites you.
* * * LOW HITPOINT WARNING * * *
The skyshark enters a blood-rage!
The skyshark misses you.
The skyshark tail-slaps you but does no damage.
You hit the skyshark but do no damage.
The skyshark is severely wounded.
The skyshark bites you but does no damage.
The skyshark tail-slaps you but does no damage. x2
Casting: Iskenderun's Mystic Blast (dangerous; 4% risk of failure)
Confirm with . or Enter, or press ? or * to list all spells.
You erupt in a blast of force!
The mystic blast hits the skyshark!
The skyshark is severely wounded.
The skyshark is knocked back by the mystic blast.
The skyshark slams into the stone wall!
The skyshark is severely wounded.
The skyshark rages.
Aiming: Breathe Fire (2% risk of failure)
Press: ? - help, Shift-Dir - straight line, f - skyshark
Aim: a skyshark (severely wounded, berserk, 79% to hit)
You breathe a blast of fire.
The fiery breath hits the skyshark.
The skyshark is almost dead.
The skyshark rages.
The skyshark bites you!!
* * * LOW HITPOINT WARNING * * *
The skyshark tail-slaps you!
You die...

♣.♣ #.....#.♣.♣.#
#♣ ♣.♣#.♣.♣.#♣.♣.♣#
#.♣♣♣...♣.♣...♣.♣.#
♣.♣.♣#.♣♣♣.#♣.♣.♣#
♣.♣♣#.♣ ♣.#.♣.♣.#
♣.♣ ### ###♣♣.♣♣#
♣†♣♣ ♣...# # ♣♣.♣#
#♣♣♣♣.# # ♣♣.#
#§†l@.# # ♣♣.♣#
#.♣♣♣♣# #♣♣.♣♣
#..lF†# #♣.♣♣
#♣♣♣♣†# ..♣♣♣♣# ††.
......# .....
..♣♣♣♣# ...### #♣.♣
.#.. # ♣.♣ .#..#


You could see a skyshark (berserk).

Vanquished Creatures
  An orc warlord (Bailey)
  2 hydras (Lair:2)
  A two-headed ogre (D:6)
  Urug (Lair:4)
  Pikel (D:6)
  5 black mambas
  5 elephants (Lair:4)
  11 cane toads
  Maggie (D:6)
  A rime drake (Lair:4)
  5 komodo dragons
  2 trolls (D:10)
  4 hornets (Lair:4)
  17 blink frogs
  5 dream sheep (Lair:3)
  26 yaks
  5 wyverns
  A vampire (D:9)
  2 basilisks
  A steam dragon (D:6)
  16 water moccasins
  A sky beast (D:7)
  9 orc warriors
  A wolf (Lair:2)
  A black bear (Lair:1)
  An ogre (D:6)
  2 lemures (D:6)
  5 centaurs
  2 kobold brigands
  16 bullfrogs
  3 gnoll sergeants
  A scorpion (D:4)
  15 wights
  3 killer bees (D:8)
  A howler monkey (D:10)
  Crazy Yiuf (D:2)
  4 jellies
  A hound (D:7)
  13 orc priests
  3 iguanas
  12 orc wizards
  Terence (D:2)
  20 gnolls
  2 river rats (D:6)
  12 adders
  A shadow imp (D:3)
  A white imp (D:7)
  4 worms (D:2)
  A dart slug (D:2)
  46 orcs
  5 bats
  4 endoplasms
  12 giant cockroaches
  12 goblins
  10 hobgoblins
  8 jackals
  21 kobolds
  4 quokkas
  10 ball pythons
  12 frilled lizards
  3 rats
397 creatures vanquished.

Vanquished Creatures (collateral kills)
  An elephant (Lair:4)
  A blink frog (Lair:4)
2 creatures vanquished.

Vanquished Creatures (others)
  20 fulminant prisms
20 creatures vanquished.

Grand Total: 419 creatures vanquished

Notes
Turn   | Place    | Note
-------+----------+-------------------------------------------
     0 | D:1      | javelincjr the Draconian Conjurer began the quest for the
                  | Orb.
     0 | D:1      | Reached XP level 1. HP: 14/14 MP: 3/3
   214 | D:1      | Reached XP level 2. HP: 20/20 MP: 0/5
  1309 | D:2      | Reached XP level 3. HP: 26/26 MP: 4/6
  1325 | D:2      | Learned a level 2 spell: Searing Ray
  1681 | D:2      | Noticed Terence
  1773 | D:2      | Killed Terence
  1774 | D:2      | Reached XP level 4. HP: 27/33 MP: 1/8
  2279 | D:2      | Found a runed translucent door.
  2280 | D:2      | Noticed Crazy Yiuf
  2288 | D:2      | Killed Crazy Yiuf
  2563 | D:3      | Reached XP level 5. HP: 38/38 MP: 9/9
  2797 | D:3      | Identified the amulet "Zare" {Faith rElec rPois Str+3
                  | Int-3}
  3370 | D:4      | Reached skill level 5 in Conjurations
  3451 | D:4      | Reached XP level 6. HP: 45/45 MP: 11/11
  4214 | D:4      | Noticed a fire elemental
  4217 | D:4      | Found a stormy altar of Qazlal.
  4219 | D:4      | Noticed an air elemental
  4219 | D:4      | Noticed a water elemental
  4392 | D:4      | Found Listox's Jewellery Shoppe.
  4738 | D:5      | Entered Level 5 of the Dungeon
  4778 | D:5      | Found an opulent altar of Gozag.
  4845 | D:5      | Found Qury's Magic Scroll Shoppe.
  4853 | D:5      | Bought a scroll of enchant armour for 82 gold pieces
  4853 | D:5      | Bought a scroll of identify for 22 gold pieces
  4853 | D:5      | Bought a scroll of noise for 11 gold pieces
  4974 | D:5      | Your scales start taking on a fiery red colour.
  4974 | D:5      | Reached XP level 7. HP: 50/50 MP: 12/12
  4974 | D:5      | Gained mutation: Your flesh is heat resistant. (rF+) [Red
                  | Draconian growth]
  5102 | D:5      | HP: 2/50 [poisoned by a water moccasin]
  5585 | D:6      | Reached skill level 6 in Conjurations
  5653 | D:6      | Reached XP level 8. HP: 57/57 MP: 14/14
  5655 | D:6      | Reached skill level 5 in Stealth
  5713 | D:6      | Noticed Maggie
  5728 | D:6      | Killed Maggie
  5729 | D:6      | Reached skill level 5 in Dodging
  5729 | D:6      | Reached skill level 5 in Spellcasting
  6001 | D:6      | Noticed a two-headed ogre
  6014 | D:6      | Killed a two-headed ogre
  6015 | D:6      | Reached skill level 7 in Conjurations
  6015 | D:6      | Reached XP level 9. HP: 36/62 MP: 14/17
  6172 | D:6      | Found a glowing drain.
  6181 | Sewer    | Entered a sewer
  6824 | D:6      | Identified the +4 short sword of Truth {protect, MP+9
                  | Int+5}
  6971 | D:6      | Noticed Pikel
  6974 | D:6      | Killed Pikel
  7326 | D:6      | Found a staircase to the Ecumenical Temple.
  7332 | Temple   | Entered the Ecumenical Temple
  7342 | Temple   | Became a worshipper of Sif Muna the Loreminder
  7410 | D:6      | Learned a level 4 spell: Fulminant Prism
  7415 | D:6      | Learned a level 4 spell: Iskenderun's Mystic Blast
  7498 | D:7      | Found Namuj's Distillery.
  7504 | D:7      | Bought a potion of heal wounds for 60 gold pieces
  7604 | D:7      | Reached skill level 1 in Short Blades
  7604 | D:7      | Reached skill level 1 in Invocations
  7713 | D:7      | Found a flagged portal.
  7830 | D:7      | Reached * piety under Sif Muna
  7949 | Bailey   | Entered a bailey
  8001 | Bailey   | Noticed an orc warlord
  8039 | Bailey   | Reached XP level 10. HP: 69/69 MP: 19/19
  8085 | Bailey   | Reached skill level 8 in Conjurations
  8197 | Bailey   | Found a runed translucent gate.
  8197 | Bailey   | Found a runed translucent gate.
  8197 | Bailey   | Found a runed translucent gate.
  8356 | Bailey   | Learned a level 3 spell: Dazzling Flash
  8431 | Bailey   | Killed an orc warlord
  8432 | Bailey   | Reached skill level 5 in Fire Magic
  8595 | Bailey   | Identified the +2 cloak of the Eagle {Str+4}
  8696 | Bailey   | Acquired the ring "Jeodug" {Fly rC- Int+3 Slay+3}
  8741 | Bailey   | Acquired the +2 pair of gloves of Boiling Hail {rCorr Int+2
                  | Dex+3}
  8905 | D:7      | Found Hoshreif's Antique Armour Shop.
  8917 | D:7      | Bought a faintly glowing hat for 333 gold pieces
  8917 | D:7      | Identified the +0 hat "Igosou" {rC+ Slay+2} (You bought it
                  | in a shop on level 7 of the Dungeon)
  8937 | D:7      | Found a runed translucent door.
  8937 | D:7      | Noticed avis's ghost (novice HOMo)
  9597 | D:8      | Found a staircase to the Lair.
  9635 | D:8      | Found Xeogug's Book Emporium.
  9703 | D:8      | Found a corrupted altar of Lugonu.
  9744 | D:8      | Reached ** piety under Sif Muna
 10000 | D:8      | Found a transporter.
 10003 | D:8      | Noticed a red ugly thing
 10005 | D:8      | Found a transporter.
 10009 | D:8      | Noticed a purple ugly thing
 10840 | D:9      | Found an ornate altar of the Wu Jian Council.
 10843 | D:9      | Found a snail-covered altar of Cheibriados.
 10849 | D:9      | Reached XP level 11. HP: 74/74 MP: 21/21
 11544 | D:10     | Entered Level 10 of the Dungeon
 11942 | D:10     | Found a large runed translucent door.
 11942 | D:10     | Found a large runed translucent door.
 11997 | D:10     | Found Xaigazam's Assorted Antiques.
 12226 | D:10     | Found a staircase to the Orcish Mines.
 12312 | D:10     | Noticed a centaur warrior
 12327 | D:10     | Noticed a naga warrior
 12552 | Lair:1   | Entered Level 1 of the Lair of Beasts
 12630 | Lair:1   | Reached skill level 9 in Conjurations
 12636 | Lair:1   | Reached *** piety under Sif Muna
 12653 | Lair:1   | Reached skill level 5 in Invocations
 13437 | Lair:2   | Noticed a five-headed hydra
 13476 | Lair:2   | Killed a five-headed hydra
 13477 | Lair:2   | Reached skill level 5 in Short Blades
 13645 | Lair:2   | Noticed an eight-headed hydra
 13652 | Lair:2   | Killed an eight-headed hydra
 13843 | Lair:2   | You are sucked into a shaft and drop 2 floors!
 13870 | Lair:4   | Reached XP level 12. HP: 71/81 MP: 24/24
 13982 | Lair:4   | Paralysed by a hornet for 1 turns
 13997 | Lair:4   | Noticed Urug
 14047 | Lair:4   | Killed Urug
 14048 | Lair:4   | Reached skill level 10 in Conjurations
 14207 | Lair:3   | Reached **** piety under Sif Muna
 14874 | Lair:2   | Reached XP level 13. HP: 63/86 MP: 10/25
 15086 | Lair:2   | Reached skill level 1 in Fighting
 15112 | Lair:2   | Reached skill level 1 in Shields
 15126 | Lair:2   | HP: 4/90 [skyshark (24)]
 15126 | Lair:2   | Mangled by a skyshark

Illustrated notes

Levels and vault maps discovered:
D:1:      dpeg_arrival_erosion, layout_basic
D:2:      layout_loops_ring, chequers_serial_rivers_room_b, uniq_terence,
          uniq_crazy_yiuf_cottage
D:3:      layout_basic
D:4:      layout_basic, nicolae_qazlal_style_of_elements, serial_shops, shop
D:5:      layout_basic, grunt_gozag_statues, serial_shops, nicolae_shop_stone
D:6:      layout_loops_ring, minmay_temple_entry_hall, portal_sewer_entry_b,
          uniq_pikel, uniq_maggie
D:7:      layout_loops_cross, serial_shops, nicolae_lakefront_shop, shop,
          enter_bailey_5, gammafunk_ghost_grave
D:8:      gammafunk_corrupted_shrine, layout_loops_ring, lair_entry_dummy,
          serial_shops, nicolae_lakefront_shop, minivault_21, patterned_corridor
D:9:      layout_basic, gammafunk_temple_overflow_statue,
          chequers_serial_rivers_small_b
D:10:     okawaru_arena_lexackson, layout_irregular_city, orc_0_dummy,
          serial_shops, nicolae_shop_crystal, st_stairs_9
Temple:   mainiacjoe_temple_bowtie_tessellation
Lair:1:   layout_regular_city, chequers_serial_rivers_micro_d
Lair:2:   nzn_winding_woodlands_medium [nzn_winding_woodlands_5x5_checkerboard,
          nzn_winding_woodlands_5x15_sidewinder,
          nzn_winding_woodlands_hourglass, nzn_winding_woodlands_5x5_three,
          nzn_winding_woodlands_center_garden, nzn_winding_woodlands_5x5_cross,
          nzn_winding_woodlands_5x5_closed_star,
          nzn_winding_woodlands_5x15_sawtooth,
          nzn_winding_woodlands_5x5_default], layout_misc_corridors,
          minmay_shoals_entry_hut, dummy_spider_entry
Lair:3:   layout_misc_corridors, lemuel_fruit_fields
Lair:4:   layout_cellular_growth, dreamdust_wasp_nest, uniq_urug

Skill      XL: |  1  2  3  4  5  6  7  8  9 10 11 12 13 |
---------------+----------------------------------------+-----
Stealth        | 2 3 4 6 7 8 9 |  9.7
Dodging        | 2 3 4 5 6 7 8 9 |  9.0
Spellcasting   | 3 4 5 6 7 8 9 |  9.0
Conjurations   | 5 6 7 8 9 10 | 10.3
Fire Magic     | 2 4 6 7 9 |  9.1
Short Blades   | 1 3 5 6 7 |  7.1
Invocations    | 1 4 5 7 |  7.4
Fighting       | 1 |  1.2
Shields        | 1 |  1.0

Action                     |  1- 3 |  4- 6 |  7- 9 | 10-12 | 13-15 || total
---------------------------+-------+-------+-------+-------+-------++-------
  Melee: Unarmed           |     5 |       |       |       |       ||     5
         Dagger            |    28 |       |       |       |       ||    28
         Tailslap          |     4 |     1 |     4 |    48 |    11 ||    68
         Quarterstaff      |       |    42 |    17 |       |       ||    59
         Short sword       |       |       |    24 |   323 |    44 ||   391
         Punch             |       |       |     1 |     3 |     1 ||     5
   Cast: Magic Dart        |    68 |    92 |   105 |   196 |     2 ||   463
         Searing Ray       |     4 |    11 |    33 |     8 |       ||    56
         Iskenderun's Myst |       |       |     2 |   126 |    15 ||   143
         Fulminant Prism   |       |       |     1 |    18 |     1 ||    20
         Dazzling Flash    |       |       |       |     6 |       ||     6
 Invoke: Channel Magic     |       |       |       |     4 |       ||     4
Ability: Breathe Fire      |       |       |    23 |    31 |     1 ||    55
  Evoke: Wand              |       |       |       |     2 |       ||     2
    Use: Scroll            |       |     4 |     2 |    10 |       ||    16
         Potion            |       |       |     1 |     5 |       ||     6
   Stab: Sleeping          |       |     3 |       |     6 |       ||     9
 Armour: Skin              |    14 |    17 |    52 |   183 |    15 ||   281
  Dodge: Dodged            |    24 |    36 |    94 |   293 |    19 ||   466

Table legend: (Time is in decaauts)
 A = Elapsed time spent in this place.
 B = Non-inter-level travel time spent in this place.
 C = Inter-level travel time spent in this place.
 D = Time resting spent in this place.
 E = Time spent auto-exploring this place.
 F = Levels seen in this place.
 G = Mean time per level.
                   A        B        C        D        E       F      G
               +--------+--------+--------+--------+--------+-----+--------+
         Total |  15166 |  14522 |    644 |    928 |  10678 |  17 |  892.1 |
       Dungeon |  11096 |  10501 |    595 |    563 |   8108 |  10 | 1109.6 |
        Temple |     27 |     10 |     17 |      0 |      0 |   1 |   27.0 |
          Lair |   2513 |   2482 |     31 |    357 |   1481 |   4 |  628.2 |
         Sewer |    694 |    694 |      0 |      0 |    598 |   1 |  694.0 |
        Bailey |    833 |    833 |      0 |      8 |    490 |   1 |  833.0 |
               +--------+--------+--------+--------+--------+-----+--------+

Top non-repeatable levels by time:
     D:4: 1500 daAuts
     D:6: 1464 daAuts
     D:2: 1376 daAuts
     D:9: 1349 daAuts
     D:1: 1127 daAuts
     D:7: 1101 daAuts
     D:8: 935 daAuts
  Lair:2: 879 daAuts
  Lair:1: 835 daAuts
    D:10: 834 daAuts
  Bailey: 833 daAuts
     D:3: 743 daAuts
   Sewer: 694 daAuts
     D:5: 665 daAuts
  Lair:3: 452 daAuts
